 Dungeon Sprint DCSS version 0.16-a0-3946-g4f19e5c (webtiles) character file.

24368 BluebellGnoll the Eclecticist (level 12, 0/62 HPs)
             Began as a Spriggan Air Elementalist on Feb 9, 2015.
             Was the Champion of Vehumet.
             Slain by a naga warrior
             ... wielding a +2 flail of holy wrath
              (2 damage)
             ... in the Dungeon (Sprint IX: "|||||||||||||||||||||||||||||").
             The game lasted 00:28:11 (2692 turns).

BluebellGnoll the Eclecticist (SpAE)                Turns: 2692, Time: 00:28:11

Health: 0/62       AC: 15    Str:  7    XL:     12   Next: 80%
Magic:  24/38      EV: 29    Int: 21    God:    Vehumet [******]
Gold:   564        SH:  0    Dex: 17    Spells: 9 memorised, 17 levels left

rFire  . . .     SeeInvis +     w - +4 rapier (venom)
rCold  . . .     Clarity  .     j - +0 swamp dragon armour
rNeg   + . .     SustAb   .     (shield restricted)
rPois  +         Gourm    .     (helmet restricted)
rElec  .         Spirit   .     I - +1 cloak
rCorr  .         Warding  +     (gloves unavailable)
rMut   .         NoTele   +     (boots unavailable)
MR     +++..                    t - brooch of Shielding {Ward rN+ AC+4 EV+4}
Stlth  +++++++...               D - ring of protection from magic
                                p - +3 ring of strength

@: constricted, repel missiles, very quick, extremely resistant to hostile
enchantments, extremely stealthy
A: unfitting armour, see invisible, herbivore 3, speed 3, slow metabolism 2
a: Renounce Religion


You were in the Dungeon.
You worshipped Vehumet.
Vehumet was exalted by your worship.
You were very full.

You visited 1 branch You collected 1880 gold pieces.
You spent 1316 gold pieces at shops.

Inventory:

Hand weapons
 o - the +2 scimitar "Undertaker" {pain, MR+}
   (You found it in the Dungeon)

   In the hands of one skilled in necromantic magic, it inflicts extra damage on
   living creatures.
   It affects your resistance to hostile enchantments.
 v - a cursed -2 arbalest
 w - a +4 rapier of venom (weapon)
Missiles
 B - 25 bolts
 C - 8 tomahawks (quivered)
Armour
 a - a +0 robe
 j - a +0 swamp dragon armour (worn)
 I - a +1 cloak (worn)
Magical staves
 n - an uncursed staff of energy
Jewellery
 p - a +3 ring of strength (left hand)
 q - a +2 ring of protection
 t - the brooch of Shielding (around neck) {Ward rN+ AC+4 EV+4}
   (You found it in the Dungeon)

   [amulet of warding]

   It may prevent the melee attacks of summoned creatures.
   It affects your AC (+4).
   It affects your evasion (+4).
   It protects you from negative energy.
 y - an uncursed ring of fire
 D - a ring of protection from magic (right hand)
 G - an uncursed ring of protection from fire
 H - an uncursed ring of protection from cold
Magical devices
 m - a wand of draining (2)
 r - a wand of polymorph (13)
 F - a wand of disintegration (9)
Scrolls
 i - 8 scrolls of blinking
 k - 6 scrolls of remove curse
 l - 2 scrolls of amnesia
 u - 2 scrolls of enchant weapon
 A - 4 scrolls of fog
 K - a scroll of fear
Potions
 d - 6 potions of curing
 e - 7 potions of heal wounds
 f - a potion of invisibility
 g - 4 potions of magic
 h - 2 potions of berserk rage
 s - 2 potions of haste
 x - a potion of resistance
 J - 2 potions of agility
Books
 b - a book of Air

   Spells                             Type                      Level
   a - Shock                          Conjuration/Air              1
   b - Swiftness                      Charms/Air                   2
   c - Repel Missiles                 Charms/Air                   2
   d - Flight                         Charms/Air                   3
   e - Static Discharge               Conjuration/Air              3
   f - Lightning Bolt                 Conjuration/Air              5
 E - a book of Summonings

   Spells                             Type                      Level
   a - Abjuration                     Summoning                    3
   b - Recall                         Summoning/Translocation      3
   c - Shadow Creatures               Summoning                    5
   d - Summon Demon                   Summoning                    5
   e - Summon Forest                  Summoning/Translocation      5
   f - Monstrous Menagerie            Summoning                    6
Comestibles
 c - 12 bread rations
 z - 31 fruits


   Skills:
 - Level 6.8 Fighting
 - Level 9.2 Short Blades
 + Level 5.7 Armour
 - Level 16.0 Dodging
 - Level 15.9 Stealth
 - Level 18.2 Spellcasting
 - Level 9.3 Conjurations
 - Level 12.1 Ice Magic
 - Level 11.2 Air Magic


You had 17 spell levels left.
You knew the following spells:

 Your Spells              Type           Power        Failure   Level  Hunger
a - Shock                 Conj/Air       ####         1%          1    None
b - Stone Arrow           Conj/Erth      #####.       1%          3    None
c - Conjure Flame         Conj/Fire      #####...     1%          3    None
d - Freeze                Ice            ####         1%          1    None
f - Lightning Bolt        Conj/Air       ######....   1%          5    #......
g - Mephitic Cloud        Conj/Pois/Air  #####...     1%          3    None
h - Bolt of Cold          Conj/Ice       ######....   4%          6    ####...
j - Bolt of Fire          Conj/Fire      #####.....   71%         6    ####...
r - Repel Missiles        Chrm/Air       #####.       1%          2    None


Dungeon Overview and Level Annotations

Branches:
Dungeon (1/1)

Altars:
Cheibriados
Dithmenos
Elyvilon
Fedhas
Gozag
Kikubaaqudgha
Makhleb
Nemelex Xobeh
Okawaru
Qazlal
Ru
Sif Muna
Trog
Vehumet
Xom
Yredelemnul
Zin
The Shining One
Beogh
Jiyva
Lugonu

Shops:
D =*}(


Innate Abilities, Weirdness & Mutations

You are tiny and cannot use many weapons and most armour.
You have supernaturally acute eyesight.
You are a herbivore.
You cover ground extremely quickly.
You need consume almost no food.


Message History

Unknown command.
Casting: Bolt of Cold
Confirm with . or Enter, or press ? or * to list all spells.
Aiming: Bolt of Cold
Press: ? - help, Shift-Dir - straight line, f/p - naga warrior
Aim: a naga warrior, wielding a flail of holy wrath and wearing a robe (moderately wounded, constricting you, catching its breath)
The bolt of cold hits the naga warrior.
The naga warrior is heavily wounded.
The bolt of cold hits the shock serpent.
You kill the shock serpent!
Vehumet accepts your kill.
Vehumet offers you knowledge of Delayed Fireball.
You feel your power returning.
Your Armour skill increases to level 5!
The bolt of cold hits the black mamba.
The black mamba is almost dead.
The air sparks with electricity!
The lightning shocks you.
* * * LOW HITPOINT WARNING * * *
The naga warrior completely misses you.
You die...

....'))))).()....['.)))[))..)))')
▓▓▓▓▓▓▓▓▓▓▓▓▓▓▓▓▓▓▓▓▓▓▓▓▓▓▓▓▓▓▓▓▓
.................................
▓▓▓▓▓▓▓▓▓▓▓▓▓▓▓▓▓▓▓▓▓▓▓▓▓▓▓▓▓▓▓▓▓
'=..=.)))))))).[[.[[[[[..........
▓▓▓▓▓▓▓▓▓▓▓▓▓▓▓▓▓▓▓▓▓▓▓▓▓▓▓▓▓▓▓▓▓
.................................
▓▓▓▓▓▓▓▓▓▓▓▓▓▓▓▓▓▓▓▓▓▓▓▓▓▓♣♣♣♣♣♣♣
......'))).)....@N)SS....
▓▓▓▓▓▓▓▓▓▓▓▓▓▓▓▓▓▓▓▓▓▓▓▓▓


You could see a naga warrior, a black mamba and a water moccasin.

Vanquished Creatures
  A fire giant (D)
  A merfolk impaler (D)
  An ogre mage (D)
  An ice dragon (D)
  A hydra (D)
  2 deep troll earth magi (D)
  A satyr (D)
  A shock serpent (D)
  Urug (D)
  A naga sharpshooter (D)
  A catoblepas (D)
  A skeletal warrior (D)
  A sea snake (D)
  A naga ritualist (D)
  A hill giant (D)
  9 orc knights (D)
  An ugly thing (D)
  A wizard (D)
  A griffon (D)
  A manticore (D)
  A cyclops (D)
  A mana viper (D)
  A siren (D)
  A water nymph (D)
  A yaktaur (D)
  A black mamba (D)
  An efreet (D)
  2 spiny frogs (D)
  2 komodo dragons (D)
  A tengu conjurer (D)
  A troll (D)
  4 giant leeches (D)
  2 merfolk (D)
  A polar bear (D)
  A snapping turtle (D)
  2 yaks (D)
  3 vampire mosquitoes (D)
  2 hippogriffs (D)
  A hungry ghost (D)
  3 water moccasins (D)
  12 orc warriors (D)
  An ogre (D)
  A crocodile (D)
  3 giant frogs (D)
  A killer bee (D)
  A crimson imp (D)
  A jelly (D)
  4 orc wizards (D)
  2 hounds (D)
  An orc priest (D)
  2 adders (D)
  A river rat (D)
  An adder skeleton (D)
  2 giant geckos (D)
  11 orcs (D)
  A bat skeleton (D)
  2 giant cockroaches (D)
  A goblin (D)
  2 kobolds (D)
  A quokka (D)
  A giant newt (D)
  A rat (D)
114 creatures vanquished.

Vanquished Creatures (others)
  An ogre mage (D)
  An orc warrior (D)
2 creatures vanquished.

Grand Total: 116 creatures vanquished

Notes
Turn   | Place    | Note
--------------------------------------------------------------
     0 | D        | BluebellGnoll, the Spriggan Air Elementalist, began the quest for the Orb.
     0 | D        | Reached XP level 1. HP: 9/9 MP: 4/4
     7 | D        | Reached skill level 4 in Spellcasting
     8 | D        | Reached skill level 5 in Spellcasting
    76 | D        | Noticed a hound
    76 | D        | Noticed an ogre
    78 | D        | Reached XP level 2. HP: 13/13 MP: 8/11
    91 | D        | Killed a hound
    91 | D        | Reached skill level 8 in Spellcasting
    91 | D        | Reached XP level 3. HP: 16/16 MP: 1/18
    92 | D        | Killed an ogre
    92 | D        | Reached skill level 11 in Spellcasting
    92 | D        | Reached XP level 4. HP: 21/21 MP: 1/23
   105 | D        | Found a glowing silver altar of Zin.
   105 | D        | Found a glowing golden altar of the Shining One.
   105 | D        | Found an ancient bone altar of Kikubaaqudgha.
   105 | D        | Found a basalt altar of Yredelemnul.
   105 | D        | Found a shimmering altar of Xom.
   105 | D        | Found a radiant altar of Vehumet.
   105 | D        | Found an iron altar of Okawaru.
   106 | D        | Found a burning altar of Makhleb.
   107 | D        | Found a deep blue altar of Sif Muna.
   108 | D        | Found a bloodstained altar of Trog.
   109 | D        | Found a sparkling altar of Nemelex Xobeh.
   110 | D        | Found a white marble altar of Elyvilon.
   111 | D        | Found a roughly hewn altar of Beogh.
   112 | D        | Found a viscous altar of Jiyva.
   113 | D        | Became a worshipper of Vehumet
   114 | D        | Found a corrupted altar of Lugonu.
   115 | D        | Found a blossoming altar of Fedhas.
   116 | D        | Found a snail-covered altar of Cheibriados.
   117 | D        | Found a shadowy altar of Dithmenos.
   118 | D        | Found a stormy altar of Qazlal.
   119 | D        | Found an opulent altar of Gozag.
   120 | D        | Found a sacrificial altar of Ru.
   139 | D        | Got the +2 scimitar "Undertaker" {pain, MR+}
   161 | D        | Learned a level 2 spell: Repel Missiles
   259 | D        | Noticed a killer bee
   259 | D        | Noticed a crimson imp
   259 | D        | Noticed a hill giant
   260 | D        | Killed a killer bee
   260 | D        | Reached skill level 5 in Air Magic
   260 | D        | Reached XP level 5. HP: 24/24 MP: 25/25
   261 | D        | Acquired Vehumet's first power
   261 | D        | Offered knowledge of Sandblast by Vehumet.
   264 | D        | Reached skill level 1 in Conjurations
   279 | D        | Killed a crimson imp
   304 | D        | Killed a hill giant
   304 | D        | Reached XP level 6. HP: 28/28 MP: 15/27
   304 | D        | Reached XP level 7. HP: 32/32 MP: 16/29
   385 | D        | Learned a level 5 spell: Lightning Bolt
   385 | D        | Noticed a komodo dragon
   385 | D        | Noticed a tengu conjurer
   385 | D        | Noticed a jelly
   385 | D        | Noticed a vampire mosquito
   385 | D        | Noticed a troll
   386 | D        | Killed a jelly
   390 | D        | Killed a komodo dragon
   390 | D        | Killed a vampire mosquito
   390 | D        | Acquired Vehumet's second power
   390 | D        | Reached XP level 8. HP: 27/36 MP: 9/30
   393 | D        | Killed a troll
   393 | D        | Reached skill level 10 in Air Magic
   401 | D        | Killed a tengu conjurer
   559 | D        | Noticed a spiny frog
   559 | D        | Noticed a giant frog
   559 | D        | Noticed a crocodile
   559 | D        | Noticed a water moccasin
   559 | D        | Noticed a yak
   559 | D        | Noticed a giant frog
   560 | D        | Killed a giant frog
   560 | D        | Offered knowledge of Freeze by Vehumet.
   560 | D        | Killed a crocodile
   560 | D        | Acquired Vehumet's third power
   561 | D        | Killed a spiny frog
   561 | D        | Reached XP level 9. HP: 39/39 MP: 24/31
   561 | D        | Killed a yak
   561 | D        | Reached skill level 10 in Dodging
   561 | D        | Killed a giant frog
   563 | D        | Noticed a water moccasin
   564 | D        | Killed a water moccasin
   570 | D        | Killed a water moccasin
   570 | D        | Reached skill level 12 in Dodging
   625 | D        | Learned a level 1 spell: Freeze
   626 | D        | Noticed a catoblepas
   626 | D        | Noticed a hound
   626 | D        | Noticed a hippogriff
   626 | D        | Noticed a komodo dragon
   626 | D        | Noticed a polar bear
   626 | D        | Noticed a yak
   627 | D        | Killed a hound
   627 | D        | Offered knowledge of Mephitic Cloud by Vehumet.
   628 | D        | Killed a hippogriff
   628 | D        | Reached skill level 13 in Dodging
   629 | D        | Killed a yak
   630 | D        | Noticed a six-headed hydra
   630 | D        | Killed a komodo dragon
   630 | D        | Reached skill level 5 in Short Blades
   631 | D        | Killed a catoblepas
   631 | D        | Reached skill level 14 in Dodging
   638 | D        | Killed a polar bear
   638 | D        | Reached skill level 15 in Dodging
   640 | D        | Killed a six-headed hydra
   640 | D        | Reached skill level 16 in Dodging
   640 | D        | Reached XP level 10. HP: 34/44 MP: 18/32
   662 | D        | Learned a level 3 spell: Mephitic Cloud
   715 | D        | Noticed a giant leech
   715 | D        | Noticed a spiny frog
   715 | D        | Noticed a vampire mosquito
   715 | D        | Noticed a giant leech
   715 | D        | Noticed a vampire mosquito
   715 | D        | Noticed a giant leech
   715 | D        | Noticed a giant frog
   717 | D        | Killed a vampire mosquito
   717 | D        | Offered knowledge of Conjure Flame by Vehumet.
   717 | D        | Reached skill level 1 in Fighting
   718 | D        | Killed a spiny frog
   718 | D        | Killed a giant leech
   719 | D        | Noticed a giant leech
   719 | D        | Killed a giant frog
   720 | D        | Killed a vampire mosquito
   720 | D        | Reached skill level 5 in Fighting
   725 | D        | Killed a giant leech
   730 | D        | Killed a giant leech
   739 | D        | Killed a giant leech
   854 | D        | Learned a level 3 spell: Conjure Flame
   857 | D        | Noticed Urug
   862 | D        | Killed Urug
   862 | D        | Offered knowledge of Stone Arrow by Vehumet.
   965 | D        | Learned a level 3 spell: Stone Arrow
  1031 | D        | Noticed an orc wizard
  1031 | D        | Noticed an orc priest
  1031 | D        | Noticed an orc wizard
  1031 | D        | Noticed an orc wizard
  1033 | D        | Killed an orc priest
  1033 | D        | Offered knowledge of Freezing Cloud by Vehumet.
  1033 | D        | Killed an orc wizard
  1033 | D        | Killed an orc wizard
  1037 | D        | Killed an orc wizard
  1040 | D        | Noticed an orc warrior
  1043 | D        | Noticed an orc warrior
  1051 | D        | Killed an orc warrior
  1060 | D        | Killed an orc warrior
  1154 | D        | Noticed an orc warrior
  1154 | D        | Noticed an orc warrior
  1154 | D        | Noticed an orc knight
  1154 | D        | Noticed an orc warrior
  1154 | D        | Noticed an orc warrior
  1155 | D        | Killed an orc warrior
  1158 | D        | Noticed an orc warrior
  1162 | D        | Noticed an orc wizard
  1165 | D        | Killed an orc warrior
  1167 | D        | Killed an orc warrior
  1169 | D        | Killed an orc warrior
  1170 | D        | Noticed an orc knight
  1170 | D        | Killed an orc warrior
  1170 | D        | Killed an orc wizard
  1171 | D        | Noticed an orc warrior
  1172 | D        | Killed an orc knight
  1172 | D        | Offered knowledge of Sticky Flame by Vehumet.
  1196 | D        | Killed an orc knight
  1196 | D        | Reached skill level 15 in Spellcasting
  1196 | D        | Reached XP level 11. HP: 33/58 MP: 9/36
  1201 | D        | Killed an orc warrior
  1376 | D        | Found Sisodod's Jewellery Emporium.
  1376 | D        | Noticed an orc knight
  1376 | D        | Noticed an orc warrior
  1376 | D        | Noticed an orc knight
  1376 | D        | Noticed an orc knight
  1376 | D        | Noticed an orc warrior
  1376 | D        | Noticed an orc knight
  1380 | D        | Noticed an orc knight
  1380 | D        | Killed an orc warrior
  1380 | D        | Killed an orc warrior
  1381 | D        | Killed an orc knight
  1383 | D        | Killed an orc knight
  1384 | D        | Noticed an orc warrior
  1387 | D        | Noticed an orc warrior
  1390 | D        | Noticed an orc knight
  1390 | D        | Killed an orc knight
  1392 | D        | Found Alioha's Assorted Antiques.
  1393 | D        | Killed an orc knight
  1393 | D        | Offered knowledge of Bolt of Cold by Vehumet.
  1405 | D        | Learned a level 6 spell: Bolt of Cold
  1409 | D        | Noticed an orc knight
  1411 | D        | Killed an orc warrior
  1412 | D        | Killed an orc warrior
  1416 | D        | Found Fuven's Gadget Emporium.
  1425 | D        | Noticed an orc warrior
  1426 | D        | Killed an orc knight
  1433 | D        | Noticed an orc knight
  1447 | D        | Killed an orc knight
  1447 | D        | Reached skill level 15 in Stealth
  1459 | D        | Killed an orc warrior
  1471 | D        | Killed an orc knight
  1632 | D        | Found Strusueqa's Antique Weapon Shoppe.
  1645 | D        | Bought a glowing rapier for 120 gold pieces
  1649 | D        | Bought a knobbly emerald ring for 130 gold pieces
  1649 | D        | Bought a scroll labeled QEOWNONTAZ for 26 gold pieces
  1649 | D        | Bought 3 scrolls labeled QEOWNONTAZ for 78 gold pieces
  1649 | D        | Bought a scratched opal ring for 130 gold pieces
  1653 | D        | Bought a hardcover book for 390 gold pieces
  1659 | D        | Bought a scroll of blinking for 195 gold pieces
  1659 | D        | Bought a jewelled bone wand for 104 gold pieces
  1672 | D        | Bought a wand of disintegration (9) for 143 gold pieces
  1824 | D        | Noticed a hungry ghost
  1824 | D        | Noticed an efreet
  1824 | D        | Noticed a manticore
  1824 | D        | Noticed a hippogriff
  1824 | D        | Noticed an ogre mage
  1824 | D        | Noticed a skeletal warrior
  1824 | D        | Noticed a wizard
  1826 | D        | Killed a hungry ghost
  1826 | D        | Offered knowledge of Irradiate by Vehumet.
  1826 | D        | Reached skill level 1 in Ice Magic
  1826 | D        | Killed an efreet
  1826 | D        | Killed a wizard
  1827 | D        | Noticed a cyclops
  1828 | D        | Noticed a deep troll earth mage
  1829 | D        | Killed a manticore
  1830 | D        | Killed a skeletal warrior
  1831 | D        | Noticed a brown ugly thing
  1831 | D        | Killed a hippogriff
  1831 | D        | Killed an ogre mage
  1831 | D        | Killed a cyclops
  1832 | D        | Noticed an ogre mage
  1834 | D        | Noticed a deep troll earth mage
  1835 | D        | Killed a deep troll earth mage
  1839 | D        | Killed a deep troll earth mage
  1839 | D        | Reached XP level 12. HP: 57/62 MP: 6/37
  1840 | D        | Killed a brown ugly thing
  1840 | D        | Reached skill level 10 in Ice Magic
  1841 | D        | Noticed a yaktaur
  1841 | D        | Killed an ogre mage
  2038 | D        | Noticed an ice dragon
  2041 | D        | Noticed a fire giant
  2042 | D        | Killed a yaktaur
  2042 | D        | Offered knowledge of Bolt of Fire by Vehumet.
  2044 | D        | Killed a fire giant
  2045 | D        | Killed an ice dragon
  2286 | D        | Learned a level 6 spell: Bolt of Fire
  2291 | D        | Noticed a siren
  2291 | D        | Noticed a snapping turtle
  2291 | D        | Noticed a merfolk impaler
  2291 | D        | Noticed a merfolk
  2291 | D        | Noticed a griffon
  2291 | D        | Noticed a water nymph
  2291 | D        | Noticed a sea snake
  2292 | D        | Noticed a merfolk
  2295 | D        | Killed a griffon
  2296 | D        | Killed a siren
  2297 | D        | Noticed a satyr
  2301 | D        | Killed a merfolk impaler
  2302 | D        | Killed a snapping turtle
  2302 | D        | Killed a merfolk
  2302 | D        | Offered knowledge of Poisonous Cloud by Vehumet.
  2302 | D        | Reached skill level 17 in Spellcasting
  2303 | D        | Killed a water nymph
  2304 | D        | Killed a merfolk
  2339 | D        | Killed a satyr
  2445 | D        | Killed a sea snake
  2445 | D        | Reached skill level 18 in Spellcasting
  2686 | D        | Noticed a naga warrior
  2686 | D        | Noticed a naga sharpshooter
  2686 | D        | Noticed a naga ritualist
  2686 | D        | Noticed a mana viper
  2686 | D        | Noticed a black mamba
  2686 | D        | Noticed a water moccasin
  2686 | D        | Noticed a shock serpent
  2687 | D        | Noticed a water moccasin
  2688 | D        | Killed a black mamba
  2688 | D        | Reached skill level 1 in Armour
  2688 | D        | Killed a water moccasin
  2689 | D        | Noticed a black mamba
  2690 | D        | Killed a naga sharpshooter
  2691 | D        | Killed a naga ritualist
  2691 | D        | Killed a mana viper
  2692 | D        | Killed a shock serpent
  2692 | D        | Offered knowledge of Delayed Fireball by Vehumet.
  2692 | D        | Reached skill level 5 in Armour
  2692 | D        | HP: 2/62 [something (15)]
  2692 | D        | Slain by a naga warrior

Action                   |  1- 3 |  4- 6 |  7- 9 | 10-12 || total
-------------------------+-------+-------+-------+-------++-------
Melee: Rapier            |       |       |     4 |    60 ||    64
 Cast: Shock             |    11 |    16 |    16 |    57 ||   100
       Repel Missiles    |       |     1 |       |       ||     1
       Lightning Bolt    |       |       |    13 |    53 ||    66
       Mephitic Cloud    |       |       |       |    17 ||    17
       Conjure Flame     |       |       |       |     1 ||     1
       Bolt of Cold      |       |       |       |     6 ||     6
Evoke: Wand              |       |     2 |     3 |       ||     5
  Use: Potion            |     1 |       |     2 |       ||     3
       Scroll            |       |       |       |     1 ||     1
 Stab: Confused          |       |       |       |     8 ||     8
  Eat: Fruit             |       |       |       |     9 ||     9
       Bread ration      |       |       |       |     1 ||     1
